 Dungeon Crawl Stone Soup version 0.25-a0-577-ga4619f409e (webtiles) character file.

Game seed: 14336233181279301622, levelgen mode: deterministic

251 Gargoyl the Skirmisher (level 5, 0/46 HPs)
             Began as a Centaur Abyssal Knight on Mar 2, 2020.
             Was a Believer of Lugonu.
             Killed from afar by an orc wizard (4 damage)
             ... with a magic dart
             ... on level 4 of the Dungeon.
             The game lasted 00:05:45 (5235 turns).

Gargoyl the Skirmisher (Centaur Abyssal Knight)     Turns: 5235, Time: 00:05:46

Health: 0/46       AC:  5    Str: 15    XL:     5   Next: 88%
Magic:  7/7        EV:  9    Int: 11    God:    Lugonu [**....]
Gold:   112        SH:  0    Dex:  9    Spells: 4/4 levels left

rFire    . . .     SeeInvis .   a - +1 hand axe
rCold    . . .     Gourm    .   (no shield)
rNeg     . . .     Faith    .   b - +0 leather armour
rPois    .         Spirit   .   d - +1 hat
rElec    .         Reflect  .   (no cloak)
rCorr    .         Harm     .   (no gloves)
MR       .....                  (no barding)
Stlth    ++........             (no amulet)
HPRegen  0.15/turn              h - ring of stealth
MPRegen  0.10/turn              g - ring of stealth

@: very quick
A: large, hooves 3, deformed body, speed 2, tough skin 3
a: Depart the Abyss, Bend Space, Renounce Religion


You were on level 4 of the Dungeon.
You worshipped Lugonu.
Lugonu was pleased with you.
You were not hungry.

You visited 1 branch of the dungeon, and saw 4 of its levels.
You visited the Abyss 1 time.

You collected 112 gold pieces.

Inventory:

Hand Weapons
 a - a +1 hand axe (weapon)
Armour
 b - a +0 leather armour (worn)
 d - a +1 hat (worn)
Jewellery
 g - a ring of stealth (right hand)
 h - a ring of stealth (left hand)
Scrolls
 e - a scroll of magic mapping
 j - a scroll of identify
 k - a scroll of teleportation
Potions
 f - a potion of mutation {unknown}
 l - a potion of curing
Comestibles
 c - 5 rations


   Skills:
 + Level 3.8 Fighting
 + Level 3.0 Axes
 * Level 2.7 Armour
 * Level 2.0 Dodging
 * Level 3.0 Invocations


You had 4 spell levels left.
You didn't know any spells.
Your spell library was empty.

Dungeon Overview and Level Annotations

Branches:
Dungeon (4/15)
 Temple: D:4-7

Altars:
Dithmenos
Nemelex Xobeh
Sif Muna

Annotations:
D:4 1 runed translucent door


Innate Abilities, Weirdness & Mutations

You have hooves in place of feet.
Armour fits poorly on your strangely shaped body.
You cover ground very quickly.
You have extremely tough skin. (AC +3)


Message History

There isn't anything here!
You start resting.
Something hits you but does no damage.
You miss something.
You hear some strange, mumbled words.
Something tries to affect you, but you resist.
You barely miss something. Something hits you.
You hit something but do no damage. Something hits you.
* * * LOW HITPOINT WARNING * * *
Something hits you but does no damage.
You barely miss something. Something completely misses you.
You closely miss something. You kick something.
You hear some strange, mumbled words.
A puff of flame appears from out of thin air!
The puff of flame hits you!
* * * LOW HITPOINT WARNING * * *
You hit something.
You hear some strange, mumbled words.
A magic dart appears from out of thin air!
The magic dart hits you.
You die...

.............%..
.................
.................
.................
.?...............
.................
.................
#.....{@......# .
##.....).....##
..##.....#######
.....#..##
###....)# #.##..#
#.......8#
##.......#
##.....##


There were no monsters in sight!

Vanquished Creatures
  An orc priest (D:4)
  A hound (D:4)
  An orc wizard (D:3)
  A hound skeleton (D:4)
  6 adders
  3 oozes (D:1)
  2 worms (D:2)
  2 dart slugs
  3 leopard geckos
  9 orcs
  6 bats
  4 giant cockroaches
  5 goblins
  8 hobgoblins
  A quokka (D:3)
  A ball python (D:3)
  A frilled lizard (D:2)
  A goblin skeleton (D:4)
  8 kobolds
  11 rats
75 creatures vanquished.

Notes
Turn   | Place    | Note
-------+----------+-------------------------------------------
     0 | Abyss:1  | Gargoyl the Centaur Abyssal Knight began the quest for the
                  | Orb.
     0 | Abyss:1  | Reached XP level 1. HP: 19/19 MP: 2/2
    99 | Abyss:1  | Noticed an apocalypse crab
   114 | Abyss:2  | Found a corrupted altar of Lugonu.
   134 | Abyss:2  | Noticed a raiju
   134 | Abyss:2  | Noticed a raiju
   136 | Abyss:2  | Noticed a raiju
   169 | Abyss:3  | Noticed a thrashing horror
   169 | Abyss:3  | Noticed a thrashing horror
   169 | Abyss:3  | Noticed a thrashing horror
   179 | D:1      | Escaped the Abyss
   616 | D:1      | Reached XP level 2. HP: 26/26 MP: 3/3
  1071 | D:1      | Reached skill level 1 in Dodging
  1084 | D:1      | Reached * piety under Lugonu
  1233 | D:1      | Reached XP level 3. HP: 30/31 MP: 4/4
  2323 | D:2      | Reached XP level 4. HP: 33/38 MP: 5/5
  2895 | D:3      | Reached ** piety under Lugonu
  3480 | D:3      | Found a shimmering blue altar of Sif Muna.
  3480 | D:3      | Found a sparkling altar of Nemelex Xobeh.
  3500 | D:3      | Found a shadowy altar of Dithmenos.
  4125 | D:4      | Reached XP level 5. HP: 6/46 MP: 5/7
  5202 | D:4      | Found a runed translucent door.
  5202 | D:4      | Noticed a human
  5235 | D:4      | Killed from afar by an orc wizard

Levels and vault maps discovered:
D:1:      elethiomel_arrival_shortcut, layout_basic
D:2:      minmay_skewed_foursquare, layout_rooms, minmay_misc_feat_enclosed
D:3:      layout_loops_cross, nemelex_xobeh_ov_fountains_minmay,
          old_standard_altar, lemuel_crystal_altar
D:4:      layout_rooms, nicolae_overflow_hidden_temple, grunt_ministairs_10,
          dk_yredelemnul_ordeal

Skill      XL: |  1  2  3  4  5 |
---------------+----------------+-----
Axes           | 2 3 |  3.0
Dodging        | 1 2 |  2.0
Armour         | 2 |  2.7
Invocations    | 3 |  3.0
Fighting       | |  3.8

Action                   |  1- 3 |  4- 6 || total
-------------------------+-------+-------++-------
Melee: Hand axe          |    88 |   126 ||   214
       Kick              |    11 |    28 ||    39
Invok: Depart the Abyss  |     1 |       ||     1
  Use: Potion            |     1 |     4 ||     5
       Scroll            |     9 |       ||     9
 Stab: Sleeping          |     2 |       ||     2
  Eat: Ration            |     1 |     1 ||     2
       Chunk             |       |     6 ||     6
Armor: Leather armour    |    37 |    43 ||    80
Dodge: Dodged            |    31 |    73 ||   104

Table legend:
 A = Non-vault XP
 B = Vault XP
 C = Vault XP percentage of total XP
 D = Non-vault monster count
 E = Vault monster count
 F = Vault count percentage of total count
                 A         B        C        D         E       F
            +---------+---------+-------+---------+---------+-------
      Total |     327 |      32 |   8.9 |      65 |      10 |  13.3
            +---------+---------+-------+---------+---------+-------
        D:1 |      48 |       0 |   0.0 |      18 |       0 |   0.0
        D:2 |      46 |      25 |  35.2 |      17 |       7 |  29.2
        D:3 |     111 |       0 |   0.0 |      23 |       0 |   0.0
        D:4 |     122 |       7 |   5.4 |       7 |       3 |  30.0
            +---------+---------+-------+---------+---------+-------
